 Dungeon Crawl Stone Soup version 0.29-a0-72-g1732ff48e7 (webtiles) character file.

Game seed: 10533855656173702835

112 siradein the Skirmisher (level 4, -3/40 HPs)
             Began as a Draconian Fighter on Feb 3, 2022.
             Killed by divine providence
             ... invoked by an orc priest
              (12 damage)
             ... on level 3 of the Dungeon.
             The game lasted 00:04:37 (2387 turns).

siradein the Skirmisher (Draconian Fighter)         Turns: 2387, Time: 00:04:37

Health: -3/40      AC:  6    Str: 18    XL:     4   Next: 64%
Magic:  0/4        EV: 12    Int:  9    God:
Gold:   78         SH:  4    Dex: 12    Spells: 3/3 levels left

rFire   . . .      SeeInvis .   a - +0 long sword
rCold   . . .      Faith    .   b - +0 buckler
rNeg    . . .      Spirit   +   (armour unavailable)
rPois   .          Reflect  .   l - +1 hat
rElec   .          Harm     .   (no cloak)
rCorr   .          Rampage  .   (no gloves)
Will    +....                   (no boots)
Stlth   +.........              d - amulet of guardian spirit
HPRegen 0.13/turn               j - ring of willpower
MPRegen 0.09/turn               (no ring)

@: no status effects
A: AC +5, unfitting armour, cold-blooded
a: no special abilities


You were on level 3 of the Dungeon.
You visited 1 branch of the dungeon, and saw 3 of its levels.

You collected 78 gold pieces.

Inventory:

Hand Weapons
 a - a +0 long sword (weapon)
Missiles
 e - 2 poisoned darts (quivered)
Armour
 b - a +0 buckler (worn)
 l - a +1 hat (worn)
Jewellery
 d - an amulet of guardian spirit (around neck)
 j - a ring of willpower (left hand)
 o - a ring of see invisible
Scrolls
 g - a scroll of teleportation {unknown}
 h - a scroll of amnesia {unknown}
 i - a scroll of identify {unknown}
Potions
 c - a potion of might
 f - 2 potions of attraction {unknown}
 k - 2 potions of mutation {unknown}
 m - a potion of curing {unknown}
 n - a potion of haste {unknown}


   Skills:
 + Level 4.1 Fighting
 + Level 3.0 Long Blades
 + Level 3.3 Dodging
 + Level 3.7 Shields


You had 3 spell levels left.
You didn't know any spells.
Your spell library contained the following spells:

 Spells                   Type           Power      Damage    Failure   Level
 Magic Dart               Conj           0%         1d3       47%         1
 Call Imp                 Summ           0%         N/A       63%         2
 Mephitic Cloud           Conj/Pois/Air  0%         N/A       85%         3


Dungeon Overview and Level Annotations

Branches:
Dungeon (3/15)

Altars:


Innate Abilities, Weirdness & Mutations

Your plain brown scales are hard. (AC +5)
You cannot fit into any form of body armour.
You are cold-blooded and may be slowed by cold attacks.


Message History

The orc priest is heavily wounded.
The orc priest hits you but does no damage.
The orc priest hits you with a +0 club.
You hit the orc priest but do no damage.
The orc priest calls down the wrath of Beogh upon you.
You resist with some effort.
You barely miss the orc priest. The orc priest barely misses you.
The orc hits you with a +0 flail.
You closely miss the orc priest.
The orc priest hits you but does no damage.
You barely miss the orc priest.
The orc priest calls down the wrath of Beogh upon you.
Beogh smites you! The orc priest hits you with a +0 club. The orc misses you.
You hit the orc priest.
The orc priest is moderately wounded.
The orc priest hits you but does no damage.
The orc misses you.
You slash the orc priest!
The orc priest is severely wounded.
The orc priest hits you with a +0 club. The orc closely misses you.
The orc priest hits you but does no damage.
You hit the orc priest.
You tail-slap the orc priest, but do no damage.
The orc priest is almost dead.
The orc closely misses you.
The orc priest looks encouraged for a moment.
The orc priest closely misses you. The orc hits you but does no damage.
You hit the orc priest.
You kill the orc priest!
The orc priest mumbles some strange prayers to Beogh against you.
Beogh smites you! The orc hits you with a +0 flail.
* * * LOW HITPOINT WARNING * * *
Your Long Blades skill increases to level 3!
You barely miss the orc. The orc closely misses you. The orc barely misses you.
The orc priest begins to cast a cantrip, but forgets the words!
The orc hits you with a +0 club.
* * * LOW HITPOINT WARNING * * *
The orc priest calls down the wrath of Beogh upon you.
Beogh smites you!
You die...

# .o ..o #....# .... #....# .....
#....# .....o##### #....#
...o.o....# .....# #.##########o#
.....+ .......@..ooo#
.....#####..#..######.# <........
#. #.# #....#..# .#..# #.#
#######.# #.#..######.#####.#
#.###.................#
#######..##.##..#####.#######
.........##.##..# #.###########
.######...#.##..#####............


You could see 2 orc priests and 2 orcs.

Vanquished Creatures
  An orc priest (D:3)
  2 adders
  A dart slug (D:1)
  3 worms (D:2)
  4 ball pythons
  6 endoplasms
  A giant cockroach (D:2)
  6 hobgoblins
  5 bats
  2 frilled lizards
  7 goblins
  9 kobolds
  6 rats
53 creatures vanquished.

Notes
Turn   | Place    | Note
-------+----------+-------------------------------------------
     0 | D:1      | siradein the Draconian Fighter began the quest for the Orb.
     0 | D:1      | Reached XP level 1. HP: 19/19 MP: 1/1
   186 | D:1      | Reached XP level 2. HP: 26/26 MP: 2/2
   568 | D:1      | Reached XP level 3. HP: 32/33 MP: 3/3
  1924 | D:2      | Reached XP level 4. HP: 40/40 MP: 4/4
  2069 | D:3      | Reached skill level 4 in Fighting
  2387 | D:3      | Killed from afar by an orc priest

Illustrated notes

Levels and vault maps discovered:
D:1:      dpeg_arrival_shrine, layout_basic
D:2:      layout_basic, amcnicky_mini_rare_corridor_liquid
D:3:      layout_basic, minmay_misc_feat_columns

Skill      XL: |  1  2  3  4 |
---------------+-------------+-----
Dodging        | 3 |  3.3
Fighting       | 4 |  4.1
Long Blades    | 3 |  3.0
Shields        | |  3.7

Action                   |  1- 3 |  4- 6 || total
-------------------------+-------+-------++-------
Melee: Long sword        |    99 |    27 ||   126
       Tailslap          |     7 |     3 ||    10
 Stab: Sleeping          |     1 |       ||     1
Armor: Skin              |    19 |     8 ||    27
Dodge: Dodged            |    51 |    15 ||    66
Block: Buckler           |    15 |     6 ||    21

Table legend: (Time is in decaauts)
 A = Elapsed time spent in this place.
 B = Non-inter-level travel time spent in this place.
 C = Inter-level travel time spent in this place.
 D = Time resting spent in this place.
 E = Time spent auto-exploring this place.
 F = Levels seen in this place.
 G = Mean time per level.
                   A        B        C        D        E       F      G
               +--------+--------+--------+--------+--------+-----+--------+
         Total |   2432 |   2339 |     93 |      3 |   1915 |   3 |  810.7 |
       Dungeon |   2432 |   2339 |     93 |      3 |   1915 |   3 |  810.7 |
               +--------+--------+--------+--------+--------+-----+--------+

Top non-repeatable levels by time:
     D:2: 1251 daAuts
     D:1: 820 daAuts
     D:3: 361 daAuts
